 Dungeon Crawl Stone Soup version 0.29.1-15-g9cfb28693d (webtiles) character file.

Game seed: 11748849473952387754

0 leafyfresh the Sneak (level 1, -1/16 HPs)
             Began as an Octopode Delver on Mar 4, 2023.
             Was an Initiate of Ashenzari.
             Slain by a kobold
             ... wielding a +0 dagger
              (4 damage)
             ... on level 4 of the Dungeon.
             The game lasted 00:00:35 (72 turns).

leafyfresh the Sneak (Octopode Delver)                Turns: 72, Time: 00:00:36

Health: -1/16      AC:  1    Str: 11    XL:     1   Next: 0%
Magic:  1/1        EV: 13    Int: 12    God:    Ashenzari [......]
Gold:   0          SH:  0    Dex: 13    Spells: 0/0 levels left

rFire   . . .      SeeInvis .   a - +0 short sword
rCold   . . .      Faith    .   (no shield)
rNeg    . . .      Spirit   .   (helmet restricted)
rPois   .          Reflect  .   (no amulet)
rElec   .          Harm     .   (no ring)
rCorr   .          Rampage  .   (no ring)
Will    .....                   (no ring)
Stlth   ++++......              (no ring)
HPRegen 0.05/turn               (no ring)
MPRegen 0.07/turn               (no ring)
                                (no ring)
                                (no ring)

@: no status effects
A: almost no armour, amphibious, 8 rings, camouflage 1, gelatinous body 1,
(nimble swimmer 1), tentacles
a: Renounce Religion


You were on level 4 of the Dungeon.
You worshipped Ashenzari.
Ashenzari was noncommittal.
You visited 2 branches of the dungeon, and saw 3 of its levels.

Inventory:

Hand Weapons
 a - a +0 short sword (weapon)
Wands
 f - a wand of digging (3)
Scrolls
 b - a scroll of fog
 d - a scroll of fear
Potions
 e - a potion of haste
 g - a potion of lignification {unknown}


   Skills:
 + Level 3.0 Fighting
 - Level 2.0 Short Blades
 + Level 2.0 Dodging
 + Level 6.6 Stealth


You couldn't memorise any spells.
You didn't know any spells.
Your spell library was empty.

Dungeon Overview and Level Annotations

Branches:
Dungeon (5/15)             Temple (1/1) D:5

Altars:
Ashenzari
Gozag
Trog
Xom
Zin


Innate Abilities, Weirdness & Mutations

You cannot wear most types of armour.
You are amphibious.
You can wear up to eight rings at the same time.
Your skin changes colour to match your surroundings (Stealth+).
Your rubbery body absorbs attacks. (AC +1, EV +1)
((You are camouflaged when in or above water. (Stealth+)))
You have tentacles for arms and can constrict up to eight enemies at once.


Message History

Found a glowing silver altar of Zin.
There is a broken altar of Ashenzari here.
You curl up in front of the altar of Ashenzari.
Ashenzari welcomes you!
Ashenzari warns you of distant threats and treasures.
Ashenzari reveals the structure of the dungeon to you.
Ashenzari shows you where magical portals lie.
Unknown command.
Press < or > to pray at altars.
There is a staircase back to the Dungeon here.
You can't go down here!
You climb upwards.
There is a staircase to the Ecumenical Temple here.
There is a stone staircase leading down here.
There is a stone staircase leading up here.
You climb upwards.
You hear the sound of rushing water.
There is an entrance to a sewer on this level.
Hurry and find it before the portal rusts away!
The gnoll shouts! x2; The goblin shouts!
Found a stone staircase leading down and a stone staircase leading up.
You have a vision of a gate.
There is a stone staircase leading down here.
As you read the scroll of magic mapping, it crumbles to dust.
You feel aware of your surroundings.
The kobold throws a stone.
The stone barely misses you.
Unknown command.
Unknown command.
The gnoll attacks as you move away! The gnoll hits you with a +0 whip.
A hobgoblin comes into view.
The gnoll attacks as you move away! The gnoll closely misses you.
A giant cockroach comes into view.
The goblin hits you with a +0 club. The kobold hits you but does no damage.
The hobgoblin shouts!
You hit the goblin but do no damage. You grab the goblin.
Your squeeze misses the goblin. You constrict the goblin.
The goblin misses you. The kobold misses you.
The gnoll hits you with a +0 whip.
* * * LOW HITPOINT WARNING * * *
You hit the goblin. You squeeze the goblin.
You kill the goblin!
The gnoll barely misses you. The kobold hits you with a +0 dagger.
You die...

,*,*,* *,,,,,,,,,,**,* *,* ,,,*,*
*.......,,,**,* *,* *,,*,*
*#......,*,**,***,* ,,,*,*
#......,,,,*,*,,,* ****,*
########....,,,,,,,,*,*,*
,,,,,*###.......g..,,,,,,,,,,,,,,
*,,,,,...........#**,,,.,,,*,,,**
*,,,,,.........K.###...#**,*,,,,,
*,,,,,.........g@)B.....,,,,,*,**
*,,,,,......g>...####...**,,,*,**
*,,,,,.g...........>.,,,,,,*,,,,*
*,,,,,...g.......####,*,,*,******
*,,,,,<............,*,,,,,,*,,,,*
*,,,,,...#........#.#,,,,,**,**,*
*,,,,,..,#.########,#,,,,,,,,,*,*
******#,,..* *,*,,,,***,,*,*
*****.##* ****,*,,,,,,,,,*,*


You could see 3 gnolls, a giant cockroach, a hobgoblin and a kobold.

Vanquished Creatures
  A goblin (D:4)
1 creature vanquished.

Notes
Turn   | Place    | Note
-------+----------+-------------------------------------------
     0 | D:5      | leafyfresh the Octopode Delver began the quest for the Orb.
     0 | D:5      | Reached XP level 1. HP: 16/16 MP: 1/1
    27 | D:5      | Found a staircase to the Ecumenical Temple.
    31 | D:5      | Noticed a phantom
    38 | Temple   | Entered the Ecumenical Temple
    43 | Temple   | Became a worshipper of Ashenzari the Shackled
    72 | D:4      | Slain by a kobold

Illustrated notes

Levels and vault maps discovered:
D:4:      layout_basic, portal_sewer_entry_b
D:5:      cheibrodos_two_vegetables, layout_basic, amcnicky_altar_gilded,
          minmay_temple_entry_tees, serial_glass, glass_columns_b,
          glass_columns_a, minmay_manual_mess, uniq_eustachio
Temple:   regret_index_temple_chain_breaker

Action                   || total
-------------------------++-------
Melee: Short sword       ||     2
       Constrict         ||     1
       Tentacles         ||     1
  Use: Scroll            ||     1
Armor: Skin              ||     1
Dodge: Dodged            ||     5
